Map: Acropolis LE

Players

Hutch

  • Race: Zerg Zerg
  • League: Platinum
  • Spawn Location: 5:00

pHARM - Winner!

  • Race: Zerg Zerg
  • League: Platinum
  • Spawn Location: 11:00

VOD

Have the link to the VOD?

Description

Time

  • Played on: Sept. 4, 2019, 10:53 p.m.
  • Length: 3:28
Show
View Real Time Build Order
Export as new Build Order

Hutch Zerg 

Build Orders: Pool Only 

Get SALT Encoding   

  12  0:18  Spawning Pool  
  11  0:22  Drone  
  11  0:26  Drone  
  13  0:31  Drone  
  14  0:40  Overlord  
  14  0:49  Overlord  
  14  1:06  Queen  
  14  1:10  Zergling x4  
  18  1:17  Zergling x2  
  19  1:27  Overlord  
  19  1:38  Zergling x2  
  20  1:52  Zergling x2  
  21  2:01  Zergling x2  
  22  2:14  Zergling x4  
  22  2:15  Zergling x4  
  23  2:43  Zergling x6  
  26  2:50  Zergling x6  
  29  3:02  Zergling x2  
Show
View Real Time Build Order
Export as new Build Order

pHARM Zerg - Winner!

Build Orders: Hatch First 

Get SALT Encoding   

  12  0:01  Drone  
  13  0:24  Overlord  
  13  0:25  Drone  
  14  0:42  Hatchery  
  13  0:47  Drone  
  14  0:57  Drone x2  
  14  0:59  Drone  
  17  1:12  Drone  
  18  1:21  Spawning Pool  
  18  1:22  Drone  
  18  1:31  Drone  
  19  1:42  Drone  
  20  2:08  Zergling x2  
  20  2:09  Zergling x6, Queen x2  
  28  2:21  Overlord  
  26  2:40  Zergling x2  
  26  2:41  Zergling x8  
  31  2:58  Zergling x2  
  31  2:59  Zergling x4  
  31  3:04  Overlord  
Tags
 
Matchup
ZvZ
Race
Zerg
Replay Pack
10.7.19
Spawn Locations
Cross Positions
Add a new tag
Caveats
  • Supply blocks, unpowered buildings, or Contaminate may cause inaccurate times.
  • Supply counts are checked every 10 seconds.